 Dungeon Crawl Stone Soup version 0.28.0-1-gb440e238dd (webtiles) character file.

Game seed: 7484235922755698548

28 rabbitsville the Protected (level 3, -3/25 HPs)
             Began as a Gnoll Wanderer on Feb 27, 2022.
             Slain by a gnoll (4 damage)
             ... on level 1 of the Dungeon.
             The game lasted 00:03:39 (936 turns).

rabbitsville the Protected (Gnoll Wanderer)          Turns: 936, Time: 00:03:40

Health: -3/25      AC:  6    Str: 17    XL:     3   Next: 12%
Magic:  7/7        EV: 10    Int:  7    God:
Gold:   12         SH:  0    Dex: 11    Spells: 7/7 levels left

rFire   . . .      SeeInvis .   a - +2 hand axe
rCold   . . .      Faith    .   (no shield)
rNeg    . . .      Spirit   .   c - +0 ring mail
rPois   .          Reflect  .   g - +0 hat
rElec   .          Harm     .   (no cloak)
rCorr   .          Rampage  .   (no gloves)
Will    .....                   (no boots)
Stlth   +.........              (no amulet)
HPRegen 0.08/turn               (no ring)
MPRegen 0.10/turn               (no ring)

@: no status effects
A: fangs 1, strong nose, distributed training
a: no special abilities


You were on level 1 of the Dungeon.
You visited 1 branch of the dungeon, and saw 2 of its levels.

You collected 12 gold pieces.

Inventory:

Hand Weapons
 a - a +2 hand axe (weapon)
 b - a +0 spear
Armour
 c - a +0 ring mail (worn)
 g - a +0 hat (worn)
Scrolls
 d - a scroll of immolation {unknown}
 e - a scroll of acquirement {unknown}
 f - a scroll of brand weapon {unknown}
 k - a scroll of fear {unknown}
 l - a scroll of torment {unknown}
Potions
 h - a potion of mutation {unknown}
 i - a potion of resistance {unknown}
 j - a potion of degeneration {unknown}


   Skills:
 + Level 0.6 Fighting
 + Level 0.6 Short Blades
 + Level 0.6 Long Blades
 + Level 4.5 Axes
 + Level 0.6 Maces & Flails
 + Level 4.5 Polearms
 + Level 0.6 Staves
 + Level 0.6 Slings
 + Level 0.6 Bows
 + Level 0.6 Crossbows
 + Level 0.6 Throwing
 + Level 8.5 Armour
 + Level 0.6 Dodging
 + Level 0.6 Stealth
 + Level 0.6 Shields
 + Level 0.6 Unarmed Combat
 + Level 2.8 Spellcasting
 + Level 0.4 Conjurations
 + Level 0.4 Hexes
 + Level 0.4 Summonings
 + Level 0.4 Necromancy
 + Level 0.4 Translocations
 + Level 0.4 Transmutations
 + Level 0.4 Fire Magic
 + Level 0.4 Ice Magic
 + Level 0.4 Air Magic
 + Level 0.4 Earth Magic
 + Level 0.4 Poison Magic
 + Level 0.8 Invocations
 + Level 2.5 Evocations


You had 7 spell levels left.
You didn't know any spells.
Your spell library contained the following spells:

 Spells                   Type           Power      Damage    Failure   Level
 Slow                     Hex            4%         N/A       43%         1


Dungeon Overview and Level Annotations

Branches:
Dungeon (2/15)

Altars:


Innate Abilities, Weirdness & Mutations

You have very sharp teeth.
Your uncanny sense of smell can sniff out nearby items.
Your experience applies equally to all skills.


Message History

The ball python constricts you.
You hit the ball python.
You kill the ball python!
You see here a +0 dagger.
A goblin comes into view. It is wielding a +0 dagger.
The goblin shouts!
You hit the goblin.
You kill the goblin!
Things that are here:
a +0 dagger; a goblin corpse
k - a scroll labelled KAOSOCH SAOPI
Found a robe.
Found a scroll labelled PEUCAG EZXIKHLE.
l - a scroll labelled PEUCAG EZXIKHLE Done exploring.
There is an escape hatch in the floor here.
There is a stone staircase leading down here.
You climb downwards.
Found 17 gold pieces.
There is a stone staircase leading up here.
A gnoll comes into view. It is wielding a +0 halberd.
The gnoll shouts!
A gnoll comes into view. It is wielding a +0 flail.
The gnoll shouts!
There is a stone staircase leading up here.
Found a dagger.
The gnoll hits you with a +0 halberd!
There is a stone staircase leading up, spattered with blood here.
The gnoll barely misses you.
You climb upwards.
There is a stone staircase leading down here.
You closely miss the gnoll. The gnoll hits you with a +0 halberd.
You slash the gnoll!
The gnoll is heavily wounded.
The gnoll barely misses you. The gnoll hits you with a +0 halberd!
* * * LOW HITPOINT WARNING * * *
You hit the gnoll. You bite the gnoll, but do no damage.
The gnoll is almost dead.
The gnoll hits you with a +0 halberd.
You die...

..................#
......####.####...#
......# #[# #...#
.###..####.# #...##
...).......# #.>..#
..)...###### ##..#.#
.###..# #...#.#
)###..########.#g#.#
..........#.>...@#.#
....†..##.#.##.###.#
..##...##.#.##.# #.#
..##(..##.#.##.# #.#
..#....##.#.##.# #.#
...............# #.#
....##.#..#.#..# #.#
....##.#..#.#..# #.#
...............###.#


You could see a gnoll.

Vanquished Creatures
  A dart slug (D:1)
  An endoplasm (D:1)
  2 giant cockroaches (D:1)
  2 goblins (D:1)
  2 hobgoblins (D:1)
  3 kobolds (D:1)
  2 quokkas (D:1)
  3 ball pythons (D:1)
  2 bats (D:1)
  3 frilled lizards (D:1)
  2 rats (D:1)
23 creatures vanquished.

Notes
Turn   | Place    | Note
-------+----------+-------------------------------------------
     0 | D:1      | rabbitsville the Gnoll Wanderer began the quest for the
                  | Orb.
     0 | D:1      | rabbitsville set off with the following items: a +2 hand
                  | axe, a +0 spear, a +0 ring mail
     0 | D:1      | Reached XP level 1. HP: 13/13 MP: 4/4
   161 | D:1      | Reached XP level 2. HP: 16/19 MP: 5/5
   377 | D:1      | Found a faded altar of an unknown god.
   407 | D:1      | Got Plato's Handbook of Beguiling
   669 | D:1      | Reached XP level 3. HP: 25/25 MP: 7/7
   935 | D:1      | HP: 1/25 [gnoll (12)]
   936 | D:1      | Slain by a gnoll

Illustrated notes

Levels and vault maps discovered:
D:1:      onia_arrival_mini_spirals, layout_loops_ring,
          shapermc_ecumenical_altar_rom_forum
D:2:      layout_loops_corners, serial_shops, shop, basic_altar,
          minmay_goblin_kobold_house

Action                   || total
-------------------------++-------
Melee: Hand axe          ||    79
       Bite              ||     5
Armor: Ring mail         ||    33
Dodge: Dodged            ||    47
